 Dungeon Crawl Stone Soup version 0.32-a0-32-g978bd804de (webtiles) character file.

Game seed: 787841275425359374

127 Gargoyl the Chopper (level 5, -3/49 HPs)
             Began as a Gargoyle Berserker on Jan 20, 2024.
             Was a Believer of Trog.
             Slain by an orc
             ... wielding a +0 whip
              (4 damage)
             ... on level 3 of the Dungeon.
             The game lasted 00:01:54 (1629 turns).

Gargoyl the Chopper (Gargoyle Berserker)            Turns: 1629, Time: 00:01:55

Health: -3/49      AC:  9    Str: 20    XL:     5   Next: 11%
Magic:  5/5        EV: 11    Int: 14    God:    Trog [**....]
Gold:   126        SH:  3    Dex: 11    Spells: 4/4 levels left

rFire   . . .        a - +1 hand axe (freeze)
rCold   . . .        g - +0 buckler
rNeg    + . .        j - +0 ring mail
rPois   ∞            (no helmet)
rElec   +            (no cloak)
rCorr   .            (no gloves)
SInv    .            (no boots)
Will    .....        (no amulet) Stlth
                     c - +6 ring of intelligence
HPRegen 0.28/turn    (no ring)
MPRegen 0.09/turn

%: no passive effects
@: berserking, very quick
A: sickness immunity, AC +4, negative energy resistance 1, electricity
resistance, torment resistance 1, petrification resistance
a: Renounce Religion, Berserk, Trog's Hand


You were on level 3 of the Dungeon.
You worshipped Trog.
Trog was pleased with you.
You visited 1 branch of the dungeon, and saw 3 of its levels.

You collected 126 gold pieces.

Inventory:

Hand Weapons
 a - a +1 hand axe of freezing (weapon)
Armour
 g - a +0 buckler (worn)
 j - a +0 ring mail (worn)
Jewellery
 c - a +6 ring of intelligence (left hand)
Scrolls
 h - 2 scrolls of teleportation
Potions
 d - a potion of haste {unknown}
 e - a potion of cancellation {unknown}
 i - 2 potions of resistance {unknown}


   Skills:
 + Level 3.8 Fighting
 + Level 4.0 Axes
 + Level 2.4 Armour
 + Level 2.6 Dodging
 + Level 0.4 Stealth


You had 4 spell levels left.
You didn't know any spells.
Your spell library was empty.

Dungeon Overview and Level Annotations

Branches:
Dungeon (3/15)

Altars:


Innate Abilities, Weirdness & Mutations

You are immune to sickness and miasma.
Your stone body is resilient. (AC +4)
You are immune to poison.
You resist negative energy. (rN+)
You are resistant to electric shocks. (rElec)
You are resistant to unholy torment.
You are immune to petrification.


Message History

Beogh smites you! The orc hits you with a +0 whip.
You barely miss the orc. The orc hits you but does no damage.
You barely miss the orc. The orc closely misses you.
You hit the orc. You freeze the orc.
The orc is heavily wounded.
You fail to use your ability.
The orc hits you with a +0 hand axe.
You hit the orc. You freeze the orc.
You kill the orc!
Trog accepts your kill.
You hit the orc. You freeze the orc.
The orc is moderately wounded.
The orc hits you but does no damage.
The orc priest mumbles some strange prayers to Beogh against you.
Beogh smites you!
* * * LOW HITPOINT WARNING * * *
Things that are here:
a +0 hand axe; an orc corpse A red film seems to cover your vision as you go berserk!
You feel yourself moving faster!
You feel mighty!
The orc priest invokes the aid of Beogh against you.
Pain shoots through your body!
* * * LOW HITPOINT WARNING * * *
The orc hits you but does no damage.
You slash the orc priest! You freeze the orc priest.
The orc priest is severely wounded.
You closely miss the orc. The orc closely misses you.
The orc priest hits you with a +0 mace.
* * * LOW HITPOINT WARNING * * *
Unknown command.
You hit the orc priest. You freeze the orc priest.
The orc priest is almost dead.
You hit the orc. You freeze the orc.
Unknown command.
You closely miss the orc.
The orc is almost dead.
You slash the orc priest! You freeze the orc priest.
You kill the orc priest!
Trog accepts your kill. The orc hits you with a +0 whip.
You die...

....#...............#
....#...............#
....#.##............#
#......#............#
...†...#............#
#......#............#
#......###########.##
.....### ########..#
....... ......)@o##
........
......###......
.............. .#####
............. .#
..... ... .# ##### ..
.# . .#


You could see an orc.

Vanquished Creatures
  A scorpion (D:2)
  An orc priest (D:3)
  3 adders (D:2)
  3 dart slugs
  An orc (D:3)
  3 bats
  3 endoplasms
  A giant cockroach (D:2)
  3 goblins
  4 hobgoblins
  5 quokkas
  A ball python (D:1)
  3 kobolds
  4 rats
36 creatures vanquished.

Notes
Turn   | Place    | Note
-------+----------+-------------------------------------------
     0 | D:1      | Gargoyl the Gargoyle Berserker began the quest for the Orb.
     0 | D:1      | Reached XP level 1. HP: 14/14 MP: 1/1
   241 | D:1      | Reached skill level 3 in Axes
   241 | D:1      | Reached XP level 2. HP: 11/19 MP: 2/2
  1067 | D:2      | Reached XP level 3. HP: 23/23 MP: 3/3
  1126 | D:2      | Noticed a scorpion
  1136 | D:2      | Killed a scorpion
  1137 | D:2      | Reached XP level 4. HP: 21/29 MP: 4/4
  1517 | D:2      | Reached skill level 4 in Axes
  1517 | D:2      | Reached XP level 5. HP: 33/33 MP: 5/5
  1587 | D:3      | Reached ** piety under Trog
  1626 | D:3      | HP: 2/49 [orc priest/nerve-wracking pain (7)]
  1629 | D:3      | Slain by an orc

Illustrated notes

Levels and vault maps discovered:
D:1:      lightli_molten_gateway, layout_loops_corners
D:2:      layout_rooms
D:3:      layout_basic, grunt_qazlal_clouds, serial_shops, shop,
          nicolae_concentric_dashed_squares_wild, uniq_ijyb

Skill      XL: |  1  2  3  4 |
---------------+-------------+-----
Axes           | 3 4 |  4.0
Dodging        | 2 |  2.6
Fighting       | |  3.8
Armour         | |  2.4
Stealth        | |  0.4

Action                     |  1- 3 |  4- 6 || total
---------------------------+-------+-------++-------
  Melee: Hand axe          |    68 |    50 ||   118
 Invoke: Berserk           |     2 |     1 ||     3
    Use: Scroll            |     4 |       ||     4
 Armour: Animal skin       |    35 |       ||    35
         Ring mail         |     6 |    31 ||    37
  Dodge: Dodged            |    51 |    33 ||    84
  Block: Buckler           |     6 |     9 ||    15

Table legend: (Time is in decaauts)
 A = Elapsed time spent in this place.
 B = Non-inter-level travel time spent in this place.
 C = Inter-level travel time spent in this place.
 D = Time resting spent in this place.
 E = Time spent auto-exploring this place.
 F = Levels seen in this place.
 G = Mean time per level.
                   A        B        C        D        E       F      G
               +--------+--------+--------+--------+--------+-----+--------+
         Total |   1669 |   1628 |     41 |    197 |   1049 |   3 |  556.3 |
       Dungeon |   1669 |   1628 |     41 |    197 |   1049 |   3 |  556.3 |
               +--------+--------+--------+--------+--------+-----+--------+

Top non-repeatable levels by time:
     D:1: 1078 daAuts
     D:2: 527 daAuts
     D:3: 63 daAuts
